 Dungeon Crawl Stone Soup version 0.30-a0-585-g93115170b9 (webtiles) character file.

Game seed: 3316735201099736973

205 themarg the Insei (level 5, -1/41 HPs)
             Began as a Gnoll Transmuter on Jan 3, 2023.
             Was a Believer of Cheibriados.
             Slain by Pikel
             ... wielding a +2 whip of flaming
              (5 damage)
             ... on level 4 of the Dungeon.
             The game lasted 00:07:39 (2536 turns).

themarg the Insei (Gnoll Transmuter)                Turns: 2536, Time: 00:07:39

Health: -1/41      AC:  2    Str: 14    XL:     5   Next: 83%
Magic:  8/12       EV: 24    Int: 19    God:    Cheibriados [**....]
Gold:   140        SH:  0    Dex: 23    Spells: 8/14 levels left

rFire   . . .      SeeInvis .      - Unarmed
rCold   . . .      Faith    .    (shield currently unavailable)
rNeg    . . .      Spirit   .    (body armour currently unavailable)
rPois   x          Reflect  .    (helmet currently unavailable)
rElec   .          Harm     .    (cloak currently unavailable)
rCorr   .          Rampage  .    (gloves currently unavailable)
Will    .....                    (boots currently unavailable)
Stlth   ++                       (no amulet)
HPRegen 0.26/turn                (no ring)
MPRegen 0.13/turn                (no ring)

@: spider-form, wereblooded, very slow
A: venomous fangs, tiny, (fangs 1), strong nose, distributed training
a: End Transformation, Renounce Religion, Bend Time


You were on level 4 of the Dungeon.
You worshipped Cheibriados.
Cheibriados was pleased with you.
You were a venomous arachnid creature.
You visited 1 branch of the dungeon, and saw 4 of its levels.

You collected 140 gold pieces.

Inventory:

Hand Weapons
 n - the +2 dagger of Siuwunok (melded) {freeze, Fragile rElec Int+8 Dex+4}
   (You found it on level 3 of the Dungeon)

   It freezes those it strikes, dealing additional cold damage.
   It can also slow down cold-blooded creatures.
   Int:       It affects your intelligence (+8).
   Dex:       It affects your dexterity (+4).
   rElec:     It insulates you from electricity.
   Fragile:   It will be destroyed if unequipped.
 s - a +2 dagger of venom
Missiles
 o - 61 stones
 r - 3 javelins
 u - 8 poisoned darts
 x - 2 boomerangs
Armour
 a - a +0 robe (melded)
 p - a +0 pair of gloves (melded)
 v - a +0 cloak (melded)
 w - a +0 helmet (melded)
Scrolls
 c - a scroll of amnesia
 e - a scroll of brand weapon {unknown}
 f - 2 scrolls of enchant armour
 g - a scroll of butterflies {unknown}
 i - 3 scrolls of poison
 j - a scroll of fear {unknown}
 m - 2 scrolls of immolation
 t - a scroll of teleportation {unknown}
Potions
 b - 2 potions of lignification
 d - 2 potions of flight
 h - a potion of heal wounds
 l - 2 potions of might
 q - a potion of brilliance
 z - a potion of haste
 A - 2 potions of mutation


   Skills:
 + Level 3.1 Fighting
 + Level 1.7 Short Blades
 + Level 1.7 Long Blades
 + Level 1.7 Axes
 + Level 1.7 Maces & Flails
 + Level 1.7 Polearms
 + Level 1.7 Staves
 + Level 1.7 Ranged Weapons
 + Level 1.7 Throwing
 + Level 1.7 Armour
 + Level 4.9 Dodging
 + Level 1.7 Stealth
 + Level 1.7 Shields
 + Level 6.7 Unarmed Combat
 + Level 5.3 Spellcasting
 + Level 1.3 Conjurations
 + Level 1.3 Hexes
 + Level 1.3 Summonings
 + Level 1.3 Necromancy
 + Level 1.3 Translocations
 + Level 4.0 Transmutations
 + Level 1.3 Fire Magic
 + Level 1.3 Ice Magic
 + Level 1.3 Air Magic
 + Level 1.3 Earth Magic
 + Level 1.3 Poison Magic
 + Level 2.0 Invocations
 + Level 1.7 Evocations


You had 8 spell levels left.
You knew the following spells:

 Your Spells              Type           Power      Damage    Failure   Level
a - Beastly Appendage     Tmut           40%        N/A       9%          1
b - Wereblood             Tmut           20%        N/A       12%         2
c - Spider Form           Tmut/Pois      15%        N/A       28%         3

Your spell library contained the following spells:

 Spells                   Type           Power      Damage    Failure   Level
 Sublimation of Blood     Necr           10%        N/A       26%         2
 Gell's Gravitas          Tloc           10%        N/A       41%         3
 Lesser Beckoning         Tloc           20%        N/A       41%         3
 Teleport Other           Tloc           10%        N/A       41%         3
 Ice Form                 Ice/Tmut       15%        N/A       58%         4
 Summon Hydra             Summ           5%         N/A       100%        7


Dungeon Overview and Level Annotations

Branches:
Dungeon (4/15)
 Temple: D:4-7

Altars:
Cheibriados

Annotations:
D:4 Pikel


Innate Abilities, Weirdness & Mutations

You are a venomous arachnid creature.
You have poisonous fangs.
You are tiny and dextrous.
Your spellcasting is less reliable in this form.
Your armour is entirely melded.
You are incapable of wielding weapons or throwing items.
((You have very sharp teeth.))
Your uncanny sense of smell can sniff out nearby items.
Your experience applies equally to all skills.


Message History

The +2 dagger of Siuwunok {freeze, Fragile rElec Int+8 Dex+4} melds into your body.
Your +0 cloak melds into your body.
Your +0 helmet melds into your body.
Your +0 pair of gloves melds into your body.
Your +0 robe melds into your body.
The +2 dagger of Siuwunok {freeze, Fragile rElec Int+8 Dex+4} stops glowing.
A lemure comes into view.
Your blood is infused with primal strength.
A lemure comes into view.
The lemure shouts!
The lemure completely misses you. The lemure barely misses you.
Pikel shouts!
The lemure shouts!
You bite the lemure!
The lemure is heavily wounded.
You hit the lemure.
The lemure is poisoned.
The lemure is heavily wounded.
Pikel says, "Hell isn't that bad."
The lemure misses you.
You barely miss the lemure.
The lemure is heavily wounded.
The lemure misses you.
A lemure comes into view.
The lemure shouts!
You bite the lemure!
The lemure looks even sicker.
The lemure is almost dead.
The lemure hits you!
You completely miss the lemure.
The lemure is almost dead.
The lemure hits you.
You closely miss the lemure.
The lemure is almost dead.
You kill the lemure!
That felt strangely unrewarding.
Pikel hits you with a +2 whip of flaming!
Pikel burns you.
You closely miss Pikel. Pikel misses you.
You completely miss Pikel.
Pikel hits you with a +2 whip of flaming!
* * * LOW HITPOINT WARNING * * *
Pikel burns you.
You die... ################ .......<..sK555# ##############.... #

You could see Pikel and 3 lemures.

Vanquished Creatures
  A lemure (D:4)
  2 orc priests (D:3)
  An orc wizard (D:3)
  3 adders
  2 worms (D:2)
  4 dart slugs
  9 orcs (D:3)
  3 bats (D:1)
  5 endoplasms
  2 giant cockroaches
  6 goblins
  10 hobgoblins
  4 jackals (D:3)
  3 quokkas
  5 ball pythons
  3 frilled lizards
  6 kobolds
  2 rats (D:2)
71 creatures vanquished.

Notes
Turn   | Place    | Note
-------+----------+-------------------------------------------
     0 | D:1      | themarg the Gnoll Transmuter began the quest for the Orb.
     0 | D:1      | Reached XP level 1. HP: 17/17 MP: 6/6
    93 | D:1      | You fall into a shaft and drop 1 floor!
   131 | D:1      | Reached XP level 2. HP: 10/23 MP: 5/7
   147 | D:1      | Learned a level 2 spell: Wereblood
   483 | D:1      | Reached skill level 5 in Spellcasting
   483 | D:1      | Reached XP level 3. HP: 18/28 MP: 5/9
   532 | D:1      | Learned a level 3 spell: Spider Form
   735 | D:2      | Reached skill level 1 in Invocations
   964 | D:2      | Found a faded altar of an unknown god.
  1010 | D:2      | Prayed at the altar of an unknown god.
  1010 | D:2      | Became a worshipper of Cheibriados the Contemplative
  1010 | D:2      | Reached * piety under Cheibriados
  1079 | D:2      | Reached skill level 1 in Short Blades
  1079 | D:2      | Reached skill level 1 in Long Blades
  1079 | D:2      | Reached skill level 1 in Axes
  1079 | D:2      | Reached skill level 1 in Maces & Flails
  1079 | D:2      | Reached skill level 1 in Polearms
  1079 | D:2      | Reached skill level 1 in Staves
  1079 | D:2      | Reached skill level 1 in Ranged Weapons
  1079 | D:2      | Reached skill level 1 in Throwing
  1079 | D:2      | Reached skill level 1 in Armour
  1079 | D:2      | Reached skill level 1 in Stealth
  1079 | D:2      | Reached skill level 1 in Shields
  1079 | D:2      | Reached skill level 1 in Evocations
  1295 | D:2      | Reached XP level 4. HP: 29/34 MP: 11/11
  1533 | D:3      | Identified the +2 dagger of Siuwunok {freeze, Fragile rElec
                  | Int+8 Dex+4}
  1789 | D:3      | Reached skill level 1 in Conjurations
  1789 | D:3      | Reached skill level 1 in Hexes
  1789 | D:3      | Reached skill level 1 in Summonings
  1789 | D:3      | Reached skill level 1 in Necromancy
  1789 | D:3      | Reached skill level 1 in Translocations
  1789 | D:3      | Reached skill level 1 in Fire Magic
  1789 | D:3      | Reached skill level 1 in Ice Magic
  1789 | D:3      | Reached skill level 1 in Air Magic
  1789 | D:3      | Reached skill level 1 in Earth Magic
  1789 | D:3      | Reached skill level 1 in Poison Magic
  1804 | D:3      | Reached XP level 5. HP: 29/40 MP: 5/12
  1810 | D:3      | Reached ** piety under Cheibriados
  2523 | D:4      | Noticed Pikel
  2523 | D:4      | Noticed a lemure
  2525 | D:4      | Noticed a lemure
  2527 | D:4      | Noticed a lemure
  2530 | D:4      | Noticed a lemure
  2533 | D:4      | Killed a lemure
  2536 | D:4      | Slain by Pikel

Illustrated notes

Levels and vault maps discovered:
D:1:      lemuel_arrival_river_bridge, layout_rooms
D:2:      layout_loops_ring, hellmonk_ecumenical_altar_blasted
D:3:      layout_loops_ring, grunt_decor_clamped, st_stairs_1,
          grunt_decor_arrowhead
D:4:      layout_rooms, uniq_duvessa, uniq_pikel

Skill      XL: |  1  2  3  4  5 |
---------------+----------------+-----
Spellcasting   | 5 |  5.3
Invocations    | 1 2 |  2.0
Short Blades   | 1 |  1.7
Long Blades    | 1 |  1.7
Axes           | 1 |  1.7
Maces & Flails | 1 |  1.7
Polearms       | 1 |  1.7
Staves         | 1 |  1.7
Ranged Weapons | 1 |  1.7
Throwing       | 1 |  1.7
Armour         | 1 |  1.7
Stealth        | 1 |  1.7
Shields        | 1 |  1.7
Evocations     | 1 |  1.7
Conjurations   | 1 |  1.3
Hexes          | 1 |  1.3
Summonings     | 1 |  1.3
Necromancy     | 1 |  1.3
Translocations | 1 |  1.3
Fire Magic     | 1 |  1.3
Ice Magic      | 1 |  1.3
Air Magic      | 1 |  1.3
Earth Magic    | 1 |  1.3
Poison Magic   | 1 |  1.3
Fighting       | 3 |  3.1
Transmutations | 4 |  4.0
Dodging        | |  4.9
Unarmed Combat | |  6.7

Action                   |  1- 3 |  4- 6 || total
-------------------------+-------+-------++-------
Melee: Long sword        |    62 |       ||    62
       Bite              |    13 |     3 ||    16
       Unarmed           |     1 |    43 ||    44
       Headbutt          |    18 |     3 ||    21
       Kick              |    10 |     7 ||    17
       Short sword       |    37 |       ||    37
       Dagger            |     5 |    34 ||    39
       Punch             |     2 |       ||     2
 Cast: Beastly Appendage |    23 |     7 ||    30
       Wereblood         |     3 |     3 ||     6
       Spider Form       |       |     5 ||     5
  Use: Scroll            |       |     9 ||     9
 Stab: Sleeping          |       |     2 ||     2
Armor: Robe              |    10 |     5 ||    15
       Skin              |       |     1 ||     1
Dodge: Dodged            |    75 |    53 ||   128

Table legend: (Time is in decaauts)
 A = Elapsed time spent in this place.
 B = Non-inter-level travel time spent in this place.
 C = Inter-level travel time spent in this place.
 D = Time resting spent in this place.
 E = Time spent auto-exploring this place.
 F = Levels seen in this place.
 G = Mean time per level.
                   A        B        C        D        E       F      G
               +--------+--------+--------+--------+--------+-----+--------+
         Total |   3001 |   2917 |     84 |     54 |   2264 |   4 |  750.2 |
       Dungeon |   3001 |   2917 |     84 |     54 |   2264 |   4 |  750.2 |
               +--------+--------+--------+--------+--------+-----+--------+

Top non-repeatable levels by time:
     D:3: 1306 daAuts
     D:2: 1022 daAuts
     D:1: 658 daAuts
     D:4: 13 daAuts
